 Dungeon Crawl Stone Soup version 0.30-a0-723-gc1506a1cf0 (webtiles) character file.

Game seed: 11945784275761221274

17813 browni3141 the Fighter (level 12, -10/131 HPs)
             Began as a Troll Berserker on Jan 28, 2023.
             Was a High Priest of Trog.
             Mangled by a skeletal warrior
             ... wielding a +0 glaive
              (18 damage)
             ... on level 12 of the Dungeon.
             The game lasted 00:14:04 (10078 turns).

browni3141 the Fighter (Troll Berserker)           Turns: 10078, Time: 00:14:04

Health: -10/131    AC: 10    Str: 38    XL:     12   Next: 22%
Magic:  11/11      EV:  9    Int:  3    God:    Trog [*****.]
Gold:   762        SH: 10    Dex:  9    Spells: 11/11 levels left

rFire   . . .      SeeInvis .      - Unarmed
rCold   + . .      Faith    .    t - +0 kite shield
rNeg    . . .      Spirit   .    J - +1 robe of Sif Muna's Favour {Rampage rElec rC+}
rPois   .          Reflect  .    (helmet restricted)
rElec   +          Harm     .    o - +0 cloak
rCorr   .          Rampage  +    (gloves unavailable)
Will    .....                    (boots unavailable)
Stlth   +                        b - amulet of regeneration
HPRegen 2.01/turn                h - +6 ring of strength
MPRegen 0.12/turn                H - +4 ring of protection

@: on berserk cooldown, slowed, very slow
A: large, unfitting armour, claws 3, regeneration 1, shaggy fur 1, tough skin 1
a: Renounce Religion, Berserk, Trog's Hand, Brothers in Arms


You were on level 12 of the Dungeon.
You worshipped Trog.
Trog was extremely pleased with you.
You visited 1 branch of the dungeon, and saw 12 of its levels.

You collected 762 gold pieces.

Inventory:

Missiles
 c - 3 large rocks
 d - 37 poisoned darts (quivered)
 y - 4 curare-tipped darts
 A - a throwing net
 E - 5 boomerangs
 F - 2 atropa-tipped darts
Armour
 a - a +0 animal skin
 o - a +0 cloak (worn)
 t - a +0 kite shield (worn)
 J - the +1 robe of Sif Muna's Favour (worn) {Rampage rElec rC+}
   (You found it on level 10 of the Dungeon)

   rC:        It protects you from cold.
   rElec:     It insulates you from electricity.
   Rampage:   It bestows one free step when moving towards enemies.
 K - a +2 robe of fire resistance
 Q - a +0 troll leather armour
Jewellery
 b - an amulet of regeneration (around neck)
 h - a +6 ring of strength (left claw)
 l - a ring of resist corrosion
 r - a +6 ring of intelligence
 s - a +6 ring of intelligence
 B - an amulet of the acrobat
 H - a +4 ring of protection (right claw)
 I - a ring of see invisible
 L - a ring of positive energy
Wands
 f - a wand of flame (15)
 k - a wand of digging (3)
 x - a wand of quicksilver (13)
 C - a wand of polymorph (3)
 D - a wand of mindburst (8)
 M - a wand of charming (8)
 P - a wand of iceblast (7)
Potions
 e - a potion of cancellation {unknown}
 g - 4 potions of degeneration {unknown}
 i - 8 potions of curing
 j - 3 potions of heal wounds {unknown}
 m - 2 potions of flight {unknown}
 n - 3 potions of lignification
 p - 2 potions of attraction {unknown}
 q - 4 potions of haste {unknown}
 u - 3 potions of resistance {unknown}
 v - a potion of might {unknown}
 w - 3 potions of brilliance {unknown}
 z - a potion of berserk rage {unknown}
 G - a potion of invisibility {unknown}
 N - a potion of mutation {unknown}
 O - a potion of ambrosia {unknown}


   Skills:
 * Level 11.7 Fighting
 - Level 3.0 Throwing
 - Level 2.4 Dodging
 - Level 1.0 Stealth
 * Level 10.1 Shields
 + Level 10.1 Unarmed Combat


You had 11 spell levels left.
You didn't know any spells.
Your spell library was empty.

Dungeon Overview and Level Annotations

Branches:
Dungeon (12/15)            Temple (0/1) D:4            Lair (0/5) D:11
    Orc (0/2) D:12

Altars:
Ashenzari
Cheibriados
Elyvilon
Fedhas
Gozag
Kikubaaqudgha
Okawaru
Qazlal
Sif Muna
Trog
Wu Jian
Yredelemnul
Zin

Annotations:
D:10 3 runed translucent doors, lesbiats's ghost, journeyman DrCj


Innate Abilities, Weirdness & Mutations

You are too large for most types of armour.
You have claws for hands.
Your natural rate of healing is unusually fast.
You are covered in fur. (AC +1)
You have tough skin. (AC +1)


Message History

Here: a skeletal warrior, wielding a +0 glaive The floor.
Unknown command.
You rampage towards the skeletal warrior!
You completely miss the skeletal warrior.
You scratch the gargoyle but do no damage.
You block the gargoyle's attack. The skeletal warrior misses you.
The skeletal warrior hits you with a +0 glaive!!
You claw the gargoyle!
The gargoyle is moderately damaged.
The gargoyle hits you with a +0 morningstar!
You block the skeletal warrior's attack.
The skeletal warrior hits you with a +0 glaive!!
* * * LOW HITPOINT WARNING * * *
You claw the gargoyle!
The gargoyle is severely damaged.
You mangle the gargoyle!!
You destroy the gargoyle!
Trog accepts your kill.
The skeletal warrior hits you with a +0 glaive!
* * * LOW HITPOINT WARNING * * *
The skeletal warrior hits you from afar with a +2 halberd of protection!
* * * LOW HITPOINT WARNING * * *
You feel a strong urge to attack something.
The skeletal warrior hits you with a +0 glaive.
* * * LOW HITPOINT WARNING * * *
You block the skeletal warrior's attack.
You feel your anger nearly subside.
You are no longer berserk.
You are exhausted.
You feel yourself slow down.
Okay, then.
Aiming: Charm
Press: ? - help, Shift-Dir - straight line, f - skeletal warrior
Aim: a skeletal warrior, wielding a +0 glaive (chance to affect: 1%)
Okay, then.
Unknown command.
Your troll goes berserk!
The skeletal warrior barely misses you.
The skeletal warrior hits you from afar with a +0 glaive!!
You die...

###########
#.T.@.z...####### ##
.........z...'.....####.
..........)).#.....#..#.
.............#.###.#..'.
..##...##....#.###.#..#.
. #... #....#.....####.
.....$.....#####'####'
...........##.........
.##....##.........


You could see 2 skeletal warriors and a friendly troll (summoned, berserk).

Vanquished Creatures
  6 two-headed ogres
  2 boulder beetles (D:12)
  A skeletal warrior (D:12)
  The ghost of Dittersdorf the Covered, a novice GrFi of Okawaru (D:7)
  Joseph (D:7)
  A gargoyle (D:12)
  Psyche (D:8)
  An unseen horror zombie (D:10)
  An unseen horror (D:10)
  3 trolls
  Sigmund (D:2)
  A vampire (D:8)
  2 wraiths
  3 wyverns
  The ghost of Darkkill the Shooter, an amateur MiHu (D:4)
  10 yaks
  A steam dragon (D:8)
  3 acid dragons
  2 water moccasins
  Duvessa (D:4)
  4 black bears
  9 orc warriors
  3 sky beasts
  2 ice beasts
  4 ogres
  3 wolves (D:11)
  4 centaurs
  3 phantoms
  8 kobold brigands
  A bullfrog (D:9)
  4 gnoll sergeants (D:12)
  8 scorpions
  2 necrophages (D:6)
  18 wights
  Dowan (D:4)
  4 killer bees (D:9)
  4 howler monkeys
  A centaur zombie (D:10)
  3 hounds
  2 gnoll boudas
  5 jellies
  2 orc priests
  8 iguanas
  12 orc wizards
  A mummy (D:6)
  Robin (D:2)
  15 gnolls
  7 adders
  A white imp (D:6)
  3 ufetubi
  2 worms (D:2)
  A dart slug (D:5)
  33 orcs
  3 ball pythons
  9 bats
  2 bat zombies (D:6)
  6 endoplasms
  3 giant cockroaches
  18 goblins
  5 hobgoblins
  2 jackals (D:4)
  32 kobolds
  2 quokkas
  A frilled lizard (D:1)
  8 rats
313 creatures vanquished.

Vanquished Creatures (others)
  A bush (D:11)
  6 fungi
  9 plants
16 creatures vanquished.

Grand Total: 329 creatures vanquished

Notes
Turn   | Place    | Note
-------+----------+-------------------------------------------
     0 | D:1      | browni3141 the Troll Berserker began the quest for the Orb.
     0 | D:1      | Reached XP level 1. HP: 22/22 MP: 0/0
    70 | D:1      | Reached XP level 2. HP: 29/29 MP: 1/1
   167 | D:1      | Reached skill level 3 in Fighting
   167 | D:1      | Reached XP level 3. HP: 37/37 MP: 2/2
   172 | D:1      | Reached ** piety under Trog
   456 | D:2      | Noticed Robin
   461 | D:2      | Killed Robin
   471 | D:2      | Reached XP level 4. HP: 45/45 MP: 3/3
   610 | D:2      | Reached skill level 1 in Stealth
   648 | D:2      | Found a blossoming altar of Fedhas.
   966 | D:2      | Noticed Sigmund
   978 | D:2      | Killed Sigmund
   979 | D:2      | Reached skill level 4 in Fighting
   979 | D:2      | Reached XP level 5. HP: 55/55 MP: 4/4
  1255 | D:3      | Found an iron altar of Okawaru.
  1406 | D:3      | Found a faded altar of an unknown god.
  1491 | D:3      | Reached XP level 6. HP: 53/63 MP: 5/5
  1996 | D:4      | Found an ornate altar of the Wu Jian Council.
  2004 | D:4      | Reached skill level 5 in Fighting
  2200 | D:4      | Noticed Dowan
  2205 | D:4      | Noticed Duvessa
  2216 | D:4      | Killed Duvessa
  2217 | D:4      | Reached skill level 5 in Unarmed Combat
  2218 | D:4      | Killed Dowan
  2219 | D:4      | Reached XP level 7. HP: 72/72 MP: 6/6
  2350 | D:4      | Found a staircase to the Ecumenical Temple.
  2439 | D:4      | Reached skill level 6 in Fighting
  2540 | D:4      | Found a runed translucent door.
  2545 | D:4      | Noticed Darkkill's ghost (amateur MiHu)
  2709 | D:4      | Killed Darkkill's ghost
  2925 | D:5      | Entered Level 5 of the Dungeon
  2976 | D:5      | Reached *** piety under Trog
  2977 | D:5      | Reached XP level 8. HP: 80/84 MP: 7/7
  3166 | D:5      | Reached skill level 7 in Fighting
  3443 | D:5      | Reached skill level 1 in Shields
  3676 | D:6      | Reached skill level 1 in Throwing
  3725 | D:6      | Found a shimmering blue altar of Sif Muna.
  3861 | D:6      | Reached XP level 9. HP: 83/96 MP: 8/8
  3935 | D:6      | Found a white marble altar of Elyvilon.
  3969 | D:6      | Reached **** piety under Trog
  3974 | D:6      | Found a snail-covered altar of Cheibriados.
  4010 | D:6      | Found an opulent altar of Gozag.
  4167 | D:6      | Found an ancient bone altar of Kikubaaqudgha.
  4294 | D:7      | Found a broken altar of Ashenzari.
  4309 | D:7      | Reached skill level 8 in Fighting
  4622 | D:7      | Noticed Joseph
  4633 | D:7      | Killed Joseph
  4814 | D:7      | Found the +11 Singing Sword {sonic wave}
  4880 | D:7      | Noticed a two-headed ogre
  4883 | D:7      | Noticed Dittersdorf's ghost (novice GrFi)
  4884 | D:7      | Found a transporter.
  4920 | D:7      | Found a transporter.
  5224 | D:7      | Killed a two-headed ogre
  5225 | D:7      | Reached skill level 5 in Shields
  5231 | D:7      | Killed Dittersdorf's ghost
  5232 | D:7      | Reached skill level 9 in Fighting
  5232 | D:7      | Reached XP level 10. HP: 107/107 MP: 9/9
  5250 | D:7      | Identified the +1 chain mail "Bosibryu" {Str+3 Int+3 Slay-5
                  | SInv}
  5601 | D:8      | Noticed Psyche
  5616 | D:8      | Killed Psyche
  5773 | D:8      | Noticed a two-headed ogre
  5781 | D:8      | Killed a two-headed ogre
  6254 | D:8      | Found a bloodstained altar of Trog.
  6379 | D:8      | Reached ***** piety under Trog
  6873 | D:9      | Found a glowing silver altar of Zin.
  6909 | D:9      | Found a stormy altar of Qazlal.
  7010 | D:9      | Reached skill level 10 in Fighting
  7396 | D:9      | Reached XP level 11. HP: 89/117 MP: 10/10
  7459 | D:9      | Noticed a two-headed ogre
  7465 | D:9      | Killed a two-headed ogre
  7691 | D:10     | Entered Level 10 of the Dungeon
  7823 | D:10     | Received a gift from Trog
  7850 | D:10     | Found a blossoming altar of Fedhas.
  7956 | D:10     | Noticed a two-headed ogre
  7974 | D:10     | Killed a two-headed ogre
  8127 | D:10     | Identified the +1 robe of Sif Muna's Favour {Rampage rElec
                  | rC+}
  8219 | D:10     | Found a runed translucent gate.
  8219 | D:10     | Found a runed translucent gate.
  8220 | D:10     | Found a runed translucent gate.
  8220 | D:10     | Noticed lesbiats's ghost (journeyman DrCj)
  8233 | D:10     | Found a basalt altar of Yredelemnul.
  8352 | D:10     | Noticed a two-headed ogre
  8356 | D:10     | Killed a two-headed ogre
  8797 | D:11     | Noticed a two-headed ogre
  8807 | D:11     | Killed a two-headed ogre
  8808 | D:11     | Reached skill level 11 in Fighting
  8928 | D:11     | Found a staircase to the Lair.
  9550 | D:12     | Found a staircase to the Orcish Mines.
  9797 | D:12     | Reached XP level 12. HP: 93/130 MP: 11/11
  9945 | D:12     | Noticed a boulder beetle
  9953 | D:12     | Killed a boulder beetle
  9998 | D:12     | Identified the +1 leather armour of the Albatross {Harm
                  | Str+3}
  9998 | D:12     | Noticed a boulder beetle
 10007 | D:12     | Killed a boulder beetle
 10008 | D:12     | Reached skill level 10 in Shields
 10008 | D:12     | Reached skill level 10 in Unarmed Combat
 10073 | D:12     | HP: 3/196 [skeletal warrior/+2 halberd of protection (14)]
 10078 | D:12     | Mangled by a skeletal warrior

Illustrated notes

Levels and vault maps discovered:
D:1:      ncdulo_lavacross, layout_rooms, nicolae_grassy_gnolls
D:2:      layout_rooms, serial_co_window_serial, co_window_of_opportunity_a,
          co_window_paths_b, co_window_paths_a, co_window_of_opportunity_a,
          co_window_paths_a, co_window_broadway_b, co_window_broadway_b,
          co_window_broadway_b, co_window_4corner_b, glass_columns_a,
          basic_altar, uniq_robin, uniq_sigmund
D:3:      layout_loops_ring, okawaru_metal_pillars_1_2, serial_forest,
          infiniplex_forest_side_room, infiniplex_forest_clump_medium,
          infiniplex_forest_clump_medium, infiniplex_forest_zigzag_1,
          infiniplex_forest_lined_3, infiniplex_forest_zigzag_1,
          infiniplex_forest_side_room, infiniplex_forest_clump_small,
          dreamdust_ecumenical_altar_statues, lightli_corner_chamber
D:4:      layout_loops_cross, nicolae_wu_jian_wuxing_cycle,
          minmay_temple_entry_grid, ebering_ghost_reflecting_pool, uniq_duvessa
D:5:      corexii_shack_village, layout_loops_ring
D:6:      layout_cave_pools, kennysheep_little_box,
          mainiacjoe_overflow_surrounded_room,
          lemuel_zombie_altar_kikubaaqudgha, mainiacjoe_overflow_catwalk,
          slow_altar_1
D:7:      old_forge, layout_loops_ring, lemuel_crystal_altar,
          gammafunk_ghost_arena, uniq_joseph
D:8:      layout_layer_cave, trog_butcher_becter, uniq_psyche
D:9:      layout_grid_maze, lemuel_round_altar, nicolae_overflow_crystal_walls
D:10:     layout_basic, mainiacjoe_overflow_six_doors_small,
          nicolae_yredelemnul_ghost_church, minmay_misc_feat_pillars
D:11:     layout_roguey, minmay_lair_entry_grove
D:12:     layout_stronghold, kennysheep_orc_monster_closet_entryway

Skill      XL: |  1  2  3  4  5  6  7  8  9 10 11 12 |
---------------+-------------------------------------+-----
Fighting       | 3 4 5 6 7 9 10 11 | 11.7
Stealth        | 1 |  1.0
Unarmed Combat | 4 5 6 7 8 9 10 | 10.1
Shields        | 3 5 7 9 10 | 10.1
Throwing       | 2 3 |  3.0
Dodging        | |  2.4

Action                     |  1- 3 |  4- 6 |  7- 9 | 10-12 || total
---------------------------+-------+-------+-------+-------++-------
  Melee: Unarmed           |    64 |    69 |   246 |   469 ||   848
         Punch             |     1 |     1 |    16 |       ||    18
  Throw: Dart              |       |       |       |    25 ||    25
 Invoke: Berserk           |     1 |     1 |     6 |    11 ||    19
         Trog's Hand       |       |     1 |       |       ||     1
         Brothers in Arms  |       |       |       |     1 ||     1
  Evoke: Wand              |       |       |     7 |       ||     7
    Use: Potion            |       |       |     2 |       ||     2
   Stab: Held in net/web   |       |       |     2 |       ||     2
         Sleeping          |       |       |     1 |       ||     1
 Armour: Animal skin       |    30 |    10 |    70 |    86 ||   196
         Robe              |       |       |       |    54 ||    54
  Dodge: Dodged            |    31 |    23 |   142 |   173 ||   369
  Block: Kite shield       |       |       |       |   240 ||   240

Table legend: (Time is in decaauts)
 A = Elapsed time spent in this place.
 B = Non-inter-level travel time spent in this place.
 C = Inter-level travel time spent in this place.
 D = Time resting spent in this place.
 E = Time spent auto-exploring this place.
 F = Levels seen in this place.
 G = Mean time per level.
                   A        B        C        D        E       F      G
               +--------+--------+--------+--------+--------+-----+--------+
         Total |  10199 |   9466 |    733 |    798 |   6816 |  12 |  849.9 |
       Dungeon |  10199 |   9466 |    733 |    798 |   6816 |  12 |  849.9 |
               +--------+--------+--------+--------+--------+-----+--------+

Top non-repeatable levels by time:
     D:8: 1571 daAuts
     D:7: 1106 daAuts
    D:10: 1068 daAuts
     D:9: 961 daAuts
     D:3: 941 daAuts
    D:11: 849 daAuts
     D:4: 808 daAuts
     D:2: 755 daAuts
     D:5: 727 daAuts
     D:6: 623 daAuts
     D:1: 432 daAuts
    D:12: 352 daAuts
